TOP OF THE 1ST |
So Cal Bruins batting - Pitching for Kalamazoo Royale with Cheese : RHP Oscar Wheeler
|
Pitching: RHP Oscar Wheeler
|
|
Batting: LHB Jesús Campos
|
0-0: Called Strike 0-1: Ball 1-1: Foul Ball, location: 2F 1-2: Ball 2-2: Fly out, F9 (Line Drive, 9)
|
Batting: RHB Lawrence Schroeder
|
0-0: Foul Ball, location: 2F 0-1: Called Strike 0-2: Foul Ball, location: 2F 0-2: SINGLE (Groundball, 56D)
|
Batting: RHB Earl Wiggins
|
0-0: Ball 1-0: Fly out, F5 (Popup, 5D)
|
Batting: LHB José Antonio Santiago
|
0-0: Ball 1-0: Ball 2-0: Called Strike 2-1: Swinging Strike 2-2: Strikes out swinging
|
Top of the 1st over - 0 run(s), 1 hit(s), 0 error(s), 1 left on base; So Cal 0 - Kalamazoo 0 |
BOTTOM OF THE 1ST |
Kalamazoo Royale with Cheese batting - Pitching for So Cal Bruins : LHP Ramiro Jiménez
|
Pitching: LHP Ramiro Jiménez
|
|
Batting: RHB Andy Aiton
|
0-0: Called Strike 0-1: Called Strike 0-2: Foul Ball, location: 2F 0-2: Ball 1-2: Ball 2-2: SINGLE (Line Drive, 56D)
|
Batting: RHB Jorge Márquez
|
0-0: Called Strike 0-1: Ball Wild Pitch! Andy Aiton to second 1-1: Reached on error, E1 (Groundball, 15S) Andy Aiton scores
|
Batting: LHB Roberto Sandoval
|
0-0: Ball 1-0: Called Strike 1-1: SINGLE (Line Drive, 89M) Jorge Márquez to third
|
Batting: RHB Tae-kwon Kwon
|
0-0: Ball 1-0: Ball 2-0: Fly out, F8 (Flyball, 8RM)
|
Batting: LHB Donovan Bird
|
0-0: Grounds into double play, 4-6-3 (Groundball, 4)
|
Bottom of the 1st over - 1 run(s), 2 hit(s), 1 error(s), 1 left on base; So Cal 0 - Kalamazoo 1 |
TOP OF THE 2ND |
So Cal Bruins batting - Pitching for Kalamazoo Royale with Cheese : RHP Oscar Wheeler
|
Batting: RHB Rubén Calderón
|
0-0: Ball 1-0: Hit by Pitch
|
Batting: LHB Kiyonaga Morita
|
0-0: Ball 1-0: Ball 2-0: Called Strike 2-1: Ball 3-1: Base on Balls Rubén Calderón to second
|
Batting: LHB Phil Smith
|
0-0: Called Strike 0-1: Ball 1-1: Ball 2-1: DOUBLE (Flyball, 89XD) Rubén Calderón scores Kiyonaga Morita to third
|
Batting: RHB Eugene Gill
|
0-0: Ball 1-0: Ball 2-0: Called Strike 2-1: Foul Ball, location: 2F 2-2: Strikes out swinging
|
Batting: RHB Morgan Gibbon
|
0-0: Fly out, F8 (Flyball, 8LM) Runner from 3rd tags up, SCORES, throw made
|
Batting: LHB Jesús Campos
|
0-0: Ball 1-0: Ball 2-0: Foul Ball, location: 2F 2-1: Ball 3-1: Foul Ball, location: 2F 3-2: Fly out, F9 (Flyball, 9S)
|
Top of the 2nd over - 2 run(s), 1 hit(s), 0 error(s), 1 left on base; So Cal 2 - Kalamazoo 1 |
BOTTOM OF THE 2ND |
Kalamazoo Royale with Cheese batting - Pitching for So Cal Bruins : LHP Ramiro Jiménez
|
Batting: RHB Pedro Rosado
|
0-0: Swinging Strike 0-1: Called Strike 0-2: Foul Ball, location: 2F 0-2: SINGLE (Groundball, 56D)
|
Batting: LHB Jacob Wright
|
0-0: Called Strike 0-1: Foul Ball, location: 2F 0-2: Ball 1-2: Ball 2-2: Foul Ball, location: 2F 2-2: Ball 3-2: SINGLE (Groundball, 56D) Pedro Rosado to second Pedro Rosado to third
|
Batting: RHB Jimmy Simon
|
0-0: Swinging Strike 0-1: Ball 1-1: SINGLE (Flyball, 8RS) Pedro Rosado scores Jacob Wright to second
|
Batting: SHB Caden Keith
|
0-0: Ball 1-0: Foul Ball, location: 2F 1-1: Ball 2-1: Ball 3-1: Fly out, F9 (Flyball, 89D) Runner from 2nd tags up, SAFE at 3rd, no throw
|
Batting: RHB Andy Aiton
|
0-0: Ball 1-0: Foul Ball, location: 2F 1-1: Fly out, F3 (Line Drive, 3)
|
Batting: RHB Jorge Márquez
|
0-0: Called Strike 0-1: Ball 1-1: Ball 2-1: Fly out, F7 (Flyball, 7)
|
Bottom of the 2nd over - 1 run(s), 3 hit(s), 0 error(s), 2 left on base; So Cal 2 - Kalamazoo 2 |
TOP OF THE 3RD |
So Cal Bruins batting - Pitching for Kalamazoo Royale with Cheese : RHP Oscar Wheeler
|
Batting: RHB Lawrence Schroeder
|
0-0: Ground out 4-3 (Groundball, 4M)
|
Batting: RHB Earl Wiggins
|
0-0: Ball 1-0: Called Strike 1-1: Ground out 6-3 (Groundball, 6)
|
Batting: LHB José Antonio Santiago
|
0-0: Foul Ball, location: 2F 0-1: Ball 1-1: Fly out, F4 (Popup, 4)
|
Top of the 3rd over - 0 run(s), 0 hit(s), 0 error(s), 0 left on base; So Cal 2 - Kalamazoo 2 |
BOTTOM OF THE 3RD |
Kalamazoo Royale with Cheese batting - Pitching for So Cal Bruins : LHP Ramiro Jiménez
|
Batting: LHB Roberto Sandoval
|
0-0: Ball 1-0: Called Strike 1-1: Foul Ball, location: 2F 1-2: Foul Ball, location: 2F 1-2: Foul Ball, location: 2F 1-2: Foul Ball, location: 2F 1-2: Fly out, F8 (Flyball, 8RM)
|
Batting: RHB Tae-kwon Kwon
|
0-0: Called Strike 0-1: Foul Ball, location: 2F 0-2: Ball 1-2: Ground out 6-3 (Groundball, 6)
|
Batting: LHB Donovan Bird
|
0-0: Ball 1-0: Ground out 4-3 (Groundball, 4)
|
Bottom of the 3rd over - 0 run(s), 0 hit(s), 0 error(s), 0 left on base; So Cal 2 - Kalamazoo 2 |
TOP OF THE 4TH |
So Cal Bruins batting - Pitching for Kalamazoo Royale with Cheese : RHP Oscar Wheeler
|
Batting: RHB Rubén Calderón
|
0-0: Called Strike 0-1: Ball 1-1: Ground out 3-1 (Groundball, 34S)
|
Batting: LHB Kiyonaga Morita
|
0-0: Ball 1-0: Foul Ball, location: 2F 1-1: Ball 2-1: Foul Ball, location: 2F 2-2: DOUBLE (Groundball, 3L)
|
Batting: LHB Phil Smith
|
0-0: Foul Ball, location: 2F 0-1: Ball 1-1: Foul Ball, location: 2F 1-2: Foul Ball, location: 2F 1-2: Ball 2-2: Ball 3-2: Ground out U3 (Groundball, 34) Kiyonaga Morita to third
|
Batting: RHB Eugene Gill
|
0-0: Ground out 4-3 (Groundball, 4)
|
Top of the 4th over - 0 run(s), 1 hit(s), 0 error(s), 1 left on base; So Cal 2 - Kalamazoo 2 |
BOTTOM OF THE 4TH |
Kalamazoo Royale with Cheese batting - Pitching for So Cal Bruins : LHP Ramiro Jiménez
|
Batting: RHB Pedro Rosado
|
0-0: Ground out 5-3 (Groundball, 56)
|
Batting: LHB Jacob Wright
|
0-0: Ball 1-0: Ball 2-0: Ball 3-0: Ground out 6-3 (Groundball, 6)
|
Batting: RHB Jimmy Simon
|
0-0: Called Strike 0-1: Foul Ball, location: 2F 0-2: Ball 1-2: Ball 2-2: Foul Ball, location: 2F 2-2: Ball 3-2: Fly out, F9 (Flyball, 9S)
|
Bottom of the 4th over - 0 run(s), 0 hit(s), 0 error(s), 0 left on base; So Cal 2 - Kalamazoo 2 |
TOP OF THE 5TH |
So Cal Bruins batting - Pitching for Kalamazoo Royale with Cheese : RHP Oscar Wheeler
|
Batting: RHB Morgan Gibbon
|
0-0: Ball 1-0: Ball 2-0: Ball 3-0: Fly out, F8 (Line Drive, 8RS)
|
Batting: LHB Jesús Campos
|
0-0: Ball 1-0: Ground out 4-3 (Groundball, 4)
|
Batting: RHB Lawrence Schroeder
|
0-0: Ball 1-0: Called Strike 1-1: Ball 2-1: Foul Ball, location: 2F 2-2: Ball 3-2: Fly out, F9 (Line Drive, 9)
|
Top of the 5th over - 0 run(s), 0 hit(s), 0 error(s), 0 left on base; So Cal 2 - Kalamazoo 2 |
BOTTOM OF THE 5TH |
Kalamazoo Royale with Cheese batting - Pitching for So Cal Bruins : LHP Ramiro Jiménez
|
Batting: SHB Caden Keith
|
0-0: Ground out 4-3 (Groundball, 34)
|
Batting: RHB Andy Aiton
|
0-0: Fly out, F3 (Popup, 3S)
|
Batting: RHB Jorge Márquez
|
0-0: Called Strike 0-1: Foul Ball, location: 2F 0-2: SINGLE (Line Drive, 4M)
|
Batting: LHB Roberto Sandoval
|
0-0: Ball 1-0: Fielders Choice at 2nd, 4-6 (Groundball, 4)
|
Bottom of the 5th over - 0 run(s), 1 hit(s), 0 error(s), 0 left on base; So Cal 2 - Kalamazoo 2 |
TOP OF THE 6TH |
So Cal Bruins batting - Pitching for Kalamazoo Royale with Cheese : RHP Oscar Wheeler
|
Batting: RHB Earl Wiggins
|
0-0: Ball 1-0: Ball 2-0: Ball 3-0: Called Strike 3-1: Called Strike 3-2: Foul Ball, location: 2F 3-2: Foul Ball, location: 2F 3-2: SOLO HOME RUN (Flyball, 78XD), Distance : 432 ft
|
Batting: LHB José Antonio Santiago
|
0-0: Ball 1-0: Ball 2-0: Foul Ball, location: 2F 2-1: Fly out, F9 (Flyball, 9S)
|
Batting: RHB Rubén Calderón
|
0-0: Foul Ball, location: 2F 0-1: Ball 1-1: SINGLE (Groundball, 56D)
|
Batting: LHB Kiyonaga Morita
|
0-0: Foul Ball, location: 2F 0-1: Ball 1-1: Ball 2-1: Fly out, F6 (Popup, 6D)
|
Batting: LHB Phil Smith
|
0-0: Swinging Strike 0-1: Ball 1-1: Called Strike 1-2: Ball 2-2: Strikes out swinging
|
Top of the 6th over - 1 run(s), 2 hit(s), 0 error(s), 1 left on base; So Cal 3 - Kalamazoo 2 |
BOTTOM OF THE 6TH |
Kalamazoo Royale with Cheese batting - Pitching for So Cal Bruins : LHP Ramiro Jiménez
|
Batting: RHB Tae-kwon Kwon
|
0-0: SINGLE (Line Drive, 8LS)
|
Batting: LHB Donovan Bird
|
0-0: Called Strike 0-1: Ball 1-1: Foul Ball, location: 2F 1-2: Ball 2-2: 2-RUN HOME RUN (Flyball, 89XD), Distance : 420 ft
|
Batting: RHB Pedro Rosado
|
0-0: Ball 1-0: DOUBLE (Line Drive, 7LM)
|
Batting: LHB Jacob Wright
|
0-0: Foul Ball, location: 2F 0-1: Called Strike 0-2: Strikes out looking
|
Batting: RHB Jimmy Simon
|
0-0: Ball 1-0: Called Strike 1-1: Foul Ball, location: 2F 1-2: Ground out 4-3 (Groundball, 4S) Pedro Rosado to third
|
Batting: SHB Caden Keith
|
0-0: Ball 1-0: Foul Ball, location: 2F 1-1: Swinging Strike 1-2: Ball 2-2: Foul Ball, location: 2F 2-2: Ball 3-2: Fly out, F7 (Line Drive, 7D)
|
Bottom of the 6th over - 2 run(s), 3 hit(s), 0 error(s), 1 left on base; So Cal 3 - Kalamazoo 4 |
TOP OF THE 7TH |
So Cal Bruins batting - Pitching for Kalamazoo Royale with Cheese : RHP Oscar Wheeler
|
Pitching: RHP Jason Taylor
|
|
Batting: RHB Eugene Gill
|
0-0: Called Strike 0-1: SINGLE (Groundball, 34D)
|
Batting: RHB Morgan Gibbon
|
0-0: Ball 1-0: Sac Bunt - play at first, batter OUT! 5-4 Eugene Gill to second
|
Pitching: LHP Carlos Thomas
|
|
Pinch Hitting: RHB Juan Valverde
|
0-0: Ball 1-0: Ball 2-0: Foul Ball, location: 2F 2-1: Foul Ball, location: 2F 2-2: Foul Ball, location: 2F 2-2: Foul Ball, location: 2F 2-2: Ground out 6-3 (Groundball, 6)
|
Pitching: RHP Armen Boyajian
|
|
Batting: RHB Lawrence Schroeder
|
0-0: Called Strike 0-1: Ball 1-1: Foul Ball, location: 2F 1-2: Foul Ball, location: 2F 1-2: DOUBLE (Line Drive, 8RD) Eugene Gill scores
|
Batting: RHB Earl Wiggins
|
0-0: Ball 1-0: Ground out 5-3 (Groundball, 56S)
|
Top of the 7th over - 1 run(s), 2 hit(s), 0 error(s), 1 left on base; So Cal 4 - Kalamazoo 4 |
BOTTOM OF THE 7TH |
Kalamazoo Royale with Cheese batting - Pitching for So Cal Bruins : LHP Ramiro Jiménez
|
Now in LF: César Valentín
|
|
Batting: RHB Andy Aiton
|
0-0: Swinging Strike 0-1: Ball 1-1: Ball 2-1: Foul Ball, location: 2F 2-2: Foul Ball, location: 2F 2-2: Ball 3-2: Ground out 5-3 (Groundball, 56)
|
Batting: RHB Jorge Márquez
|
0-0: Ball 1-0: Fly out, F8 (Flyball, 8LM)
|
Batting: LHB Roberto Sandoval
|
0-0: Ball 1-0: Foul Ball, location: 2F 1-1: Ground out U3 (Groundball, 34)
|
Bottom of the 7th over - 0 run(s), 0 hit(s), 0 error(s), 0 left on base; So Cal 4 - Kalamazoo 4 |
TOP OF THE 8TH |
So Cal Bruins batting - Pitching for Kalamazoo Royale with Cheese : RHP Armen Boyajian
|
Pitching: LHP Morgan McDormand
|
|
Batting: LHB José Antonio Santiago
|
0-0: Ball 1-0: Swinging Strike 1-1: Ball 2-1: Called Strike 2-2: Fly out, F7 (Flyball, 7S)
|
Batting: RHB Rubén Calderón
|
0-0: Foul Ball, location: 2F 0-1: Ground out 6-3 (Groundball, 6)
|
Batting: LHB Kiyonaga Morita
|
0-0: Foul Ball, location: 2F 0-1: SINGLE (Groundball, 4S) (infield hit)
|
Pitching: RHP Enrique Aguilera
|
|
Batting: LHB Phil Smith
|
0-0: Ball 1-0: Foul Ball, location: 2F 1-1: Ball 2-1: Called Strike 2-2: Foul Ball, location: 2F 2-2: Foul Ball, location: 2F 2-2: Fly out, F7 (Flyball, 7)
|
Top of the 8th over - 0 run(s), 1 hit(s), 0 error(s), 1 left on base; So Cal 4 - Kalamazoo 4 |
BOTTOM OF THE 8TH |
Kalamazoo Royale with Cheese batting - Pitching for So Cal Bruins : LHP Ramiro Jiménez
|
Pitching: RHP Masahiko Okada
|
|
Batting: RHB Tae-kwon Kwon
|
0-0: Ball 1-0: DOUBLE (Line Drive, 7LD)
|
Batting: LHB Donovan Bird
|
0-0: Intentional Walk
|
Pinch Hitting: LHB Tom Blake
|
0-0: Reached on error, E3 (Groundball, 3L) Tae-kwon Kwon to third Donovan Bird to second
|
Pitching: LHP Juan Fuentes
|
|
Batting: LHB Jacob Wright
|
0-0: Called Strike 0-1: SINGLE (Groundball, 4M) Tae-kwon Kwon scores Donovan Bird to third Tom Blake to second
|
Pitching: RHP Jerry Good
|
|
Batting: RHB Jimmy Simon
|
0-0: Ball Wild Pitch! Donovan Bird scores Tom Blake to third Jacob Wright to second 1-0: Ball 2-0: Foul Ball, location: 2F 2-1: Foul Ball, location: 2F 2-2: Foul Ball, location: 2F 2-2: Ball 3-2: Ground out 6-3 (Groundball, 6)
|
Batting: SHB Caden Keith
|
0-0: Intentional Walk
|
Batting: RHB Andy Aiton
|
0-0: Ball 1-0: Grounds into fielders choice 5-2 (Groundball, 5S) Jacob Wright to third Caden Keith to second
|
Batting: RHB Jorge Márquez
|
0-0: Ball 1-0: Called Strike 1-1: Called Strike 1-2: Ball 2-2: Ball 3-2: Ground out 5-3 (Groundball, 56)
|
Bottom of the 8th over - 2 run(s), 2 hit(s), 1 error(s), 3 left on base; So Cal 4 - Kalamazoo 6 |
TOP OF THE 9TH |
So Cal Bruins batting - Pitching for Kalamazoo Royale with Cheese : RHP Enrique Aguilera
|
Pitching: LHP Manuel Herrera
|
|
Now in RF: Tom Blake
|
|
Batting: RHB Eugene Gill
|
0-0: Foul Ball, location: 2F 0-1: DOUBLE (Flyball, 89XD)
|
Batting: RHB Morgan Gibbon
|
0-0: Called Strike 0-1: Ball 1-1: SINGLE (Groundball, 34D) Eugene Gill to third Runner from 3rd tries for Home, SAFE, throw made home
|
Batting: LHB César Valentín
|
0-0: Ball 1-0: Sac Bunt - play at first, batter OUT! 1-4 Morgan Gibbon to second
|
Batting: RHB Lawrence Schroeder
|
0-0: Called Strike 0-1: Ball 1-1: Swinging Strike 1-2: Strikes out swinging, 2-3 out at first.
|
Batting: RHB Earl Wiggins
|
0-0: Ball 1-0: Ball 2-0: Ball 3-0: Called Strike 3-1: Base on Balls
|
Batting: LHB José Antonio Santiago
|
0-0: Called Strike 0-1: Called Strike 0-2: Foul Ball, location: 2F 0-2: Fly out, F9 (Flyball, 89D)
|
Top of the 9th over - 1 run(s), 2 hit(s), 0 error(s), 2 left on base; So Cal 5 - Kalamazoo 6 |
|